Map: Tours du crépuscule

Players

BVE - Winner!

  • Race: Protoss Protoss
  • League: Gold
  • Spawn Location: 1:00

zidar

  • Race: Zerg Zerg
  • League: Silver
  • Spawn Location: 7:00

VOD

Have the link to the VOD?

Description

Time

  • Played on: Nov. 24, 2015, 2:12 p.m.
  • Length: 7:34
Show
View Real Time Build Order
Export as new Build Order

BVE Protoss - Winner!

Build Orders: Cannon Rush 

Get SALT Encoding   

  12  0:01  Probe (Chrono Boost)  
  14  0:14  Probe (Chrono Boost)  
  14  0:23  Pylon  
  14  0:24  Probe (Chrono Boost)  
  15  0:42  Forge  
  15  0:44  Probe (Chrono Boost)  
  15  0:48  Assimilator  
  16  1:02  Pylon  
  16  1:05  Probe (Chrono Boost)  
  17  1:14  Pylon  
  17  1:15  Probe (Chrono Boost)  
  18  1:26  Photon Cannon  
  18  1:33  Photon Cannon  
  18  1:38  Probe (Chrono Boost)  
  19  1:49  Probe (Chrono Boost)  
  19  1:54  Photon Cannon  
  20  1:56  Pylon  
  20  2:05  Photon Cannon  
  19  2:28  Gateway  
  19  2:30  Gateway, Photon Cannon  
  19  2:31  Gateway  
  19  2:43  Probe (Chrono Boost)  
  20  2:56  Assimilator  
  20  3:00  Pylon  
  20  3:06  Probe (Chrono Boost)  
  21  3:16  Cybernetics Core  
  21  3:17  Probe (Chrono Boost)  
  22  3:20  Pylon  
  24  3:29  Zealot x2 (Chrono Boost)  
  24  3:33  Zealot (Chrono Boost)  
  28  3:43  Probe  
  29  3:53  Warp Gate (Chrono Boost)  
  29  3:55  Probe  
  30  4:08  Mothership Core  
  32  4:14  Photon Cannon  
  32  4:21  Nexus  
  32  4:35  Photon Cannon  
  34  4:40  Zealot (Chrono Boost)  
  34  4:44  Zealot (Chrono Boost)  
  36  4:49  Zealot (Chrono Boost)  
  38  5:12  Stargate  
  38  5:13  Stargate  
  38  5:15  Probe, Assimilator  
  39  5:33  Probe (Chrono Boost)  
  40  5:37  Probe (Chrono Boost)  
  41  5:44  Probe (Chrono Boost)  
  41  5:48  Probe (Chrono Boost)  
  43  5:58  Probe (Chrono Boost)  
  44  6:04  Void Ray (Chrono Boost)  
  44  6:10  Void Ray (Chrono Boost)  
  42  6:31  Zealot x3  
  46  6:41  Probe  
  46  6:42  Assimilator  
  47  6:47  Void Ray (Chrono Boost)  
  47  6:52  Void Ray (Chrono Boost)  
  47  6:53  Probe  
  56  7:02  Zealot x2  
  56  7:06  Probe  
  51  7:16  Zealot  
Show
View Real Time Build Order
Export as new Build Order

zidar Zerg 

Build Orders: Pool First 

Get SALT Encoding   

  12  0:02  Drone  
  13  0:12  Overlord  
  13  0:17  Drone  
  14  0:32  Drone x2  
  14  0:34  Drone  
  17  0:50  Spawning Pool  
  17  0:51  Drone  
  17  1:24  Hatchery  
  16  1:41  Zergling x4  
  16  1:42  Zergling x2  
  19  1:57  Extractor  
  19  1:58  Queen  
  20  2:14  Drone  
  20  2:15  Drone  
  22  2:28  Overlord x2  
  22  2:38  Queen  
  22  2:41  Drone  
  22  2:42  Drone  
  26  2:49  Roach Warren  
  24  3:07  Lair  
  24  3:14  Extractor  
  24  3:19  Drone x6  
  29  3:23  Drone  
  30  3:49  Drone x7  
  37  3:55  Overlord  
  37  4:24  Nydus Network  
  36  4:35  Extractor  
  34  4:54  Overlord x2  
  34  5:00  Roach  
  34  5:01  Roach x7  
  50  5:15  Roach  
  50  5:16  Roach x7  
  66  5:37  Hydralisk Den  
  66  5:41  Overlord  
  66  5:42  Overlord x2  
  65  6:09  Hydralisk  
  65  6:10  Hydralisk x4  
  73  6:42  Nydus Canal  
  73  6:53  Hydralisk  
  73  6:54  Hydralisk x6  
Tags
 
Add a new tag
Caveats
  • Supply blocks, unpowered buildings, or Contaminate may cause inaccurate times.
  • Supply counts are checked every 10 seconds.